 Dungeon Crawl Stone Soup version 0.20-a0-465-g6513c8f (webtiles) character file.

15 M4edhros the Sneak (level 2, 0/18 HPs)
             Began as an Octopode Artificer on Jan 12, 2017.
             Slain by a hobgoblin (4 damage)
             ... on level 1 of the Dungeon.
             The game lasted 00:00:15 (110 turns).

M4edhros the Sneak (Octopode Artificer)              Turns: 110, Time: 00:00:15

Health: 0/18       AC:  1    Str: 11    XL:     2   Next: 50%
Magic:  4/4        EV: 13    Int: 13    God:
Gold:   25         SH:  0    Dex: 12    Spells: 1/1 levels left

rFire  . . .     SeeInvis .     a - +0 short sword
rCold  . . .     Gourm    .     (no shield)
rNeg   . . .     Faith    .     (helmet restricted)
rPois  .         Spirit   .     (no amulet)
rElec  .         Reflect  .     (no ring)
rCorr  .         Harm     .     (no ring)
MR     .....                    (no ring)
Stlth  +++.......               (no ring)
                                (no ring)
                                (no ring)
                                (no ring)
                                (no ring)

@: no status effects
A: almost no armour, stealthy swim, amphibious, 8 rings, constrict 8, camouflage
1, gelatinous body 1
a: no special abilities


You were on level 1 of the Dungeon.
You were not hungry.

You visited 1 branch of the dungeon, and saw 1 of its levels.

You collected 25 gold pieces.

Inventory:

Hand Weapons
 a - a +0 short sword (weapon)
Wands
 b - a wand of flame (15/48)
 c - a wand of enslavement (15/24)
 d - a wand of random effects (15/48)
Scrolls
 e - a scroll of enchant weapon {unknown}
Potions
 g - a potion of brilliance {unknown}
Comestibles
 f - a bread ration


   Skills:
 - Level 1.0 Fighting
 - Level 1.0 Short Blades
 - Level 2.0 Dodging
 + Level 3.5 Stealth
 - Level 3.2 Evocations


You had one spell level left.
You didn't know any spells.

Dungeon Overview and Level Annotations

Branches:
Dungeon (1/15)

Altars:


Innate Abilities, Weirdness & Mutations

You cannot wear most types of armour.
You are very stealthy in the water. (Stealth+)
You are amphibious.
You can wear up to eight rings at the same time.
You can use your tentacles to constrict eight enemies at once.
Your skin changes colour to match your surroundings (Stealth+).
Your rubbery body absorbs attacks. (AC +1, EV +1)


Message History

Unknown command.
You hit the bat but do no damage. Your grab misses the bat.
You constrict the goblin.
You kill the goblin!
The bat misses you. The hobgoblin hits you. The bat closely misses you.
Unknown command.
You barely miss the hobgoblin. Your grab misses the hobgoblin.
The bat hits you. The hobgoblin completely misses you.
Unknown command.
You barely miss the hobgoblin. Your grab misses the hobgoblin.
The hobgoblin hits you. The bat hits you but does no damage.
Unknown command.
You closely miss the hobgoblin. Your grab misses the hobgoblin.
The bat hits you but does no damage. The hobgoblin hits you.
* * * LOW HITPOINT WARNING * * *
Unknown command.
You barely miss the hobgoblin. Your grab misses the hobgoblin.
Your squeeze misses the hobgoblin. The bat barely misses you.
The hobgoblin hits you.
You die...

# ..##..#.######....##
.. .....#.# #)...# #
...#....#.# #....#
..##..?#..#.######....#
...##...........#....#
##...##.†.......#....#
................#....##
.##....#.#)...........
.....#@.#....###.......
.)....g)b.#.#...#.......
......(#..#......?##....
.......#...#......# ....
.........#.#......# ....
#........#..#.....# ...?
#...........#.....# ..
#.....# .. #.


You could see a hobgoblin and a bat.

Vanquished Creatures
  A dart slug (D:1)
  A leopard gecko (D:1)
  A giant cockroach (D:1)
  2 hobgoblins (D:1)
  2 bats (D:1)
  3 goblins (D:1)
  A kobold (D:1)
  A rat (D:1)
12 creatures vanquished.

Notes
Turn   | Place    | Note
-------+----------+-------------------------------------------
     0 | D:1      | M4edhros the Octopode Artificer began the quest for the Orb.
     0 | D:1      | Reached XP level 1. HP: 13/13 MP: 3/3
    81 | D:1      | Reached XP level 2. HP: 18/18 MP: 4/4
   110 | D:1      | Slain by a hobgoblin

Vault maps used:
D:1:      dpeg_arrival_tiny_h, hangedman_decor_peaks_small

Skill      XL: |  1 |
---------------+----+-----
Stealth        | 3 |  3.5
Fighting       | |  1.0
Short Blades   | |  1.0
Dodging        | |  2.0
Evocations     | |  3.2

Action                   || total
-------------------------++-------
Melee: Short sword       ||    22
       Constrict         ||     7
       Tentacles         ||     2
 Stab: Sleeping          ||     4
       Distracted        ||     1
Armor: Skin              ||     5
Dodge: Dodged            ||    18
